Map: Eternal Empire LE

Players

Ashiro - Winner!

  • Race: Zerg Zerg
  • League: Master
  • Spawn Location: 1:00

RedVelvet

  • Race: Zerg Zerg
  • League: Master
  • Spawn Location: 7:00

VOD

Have the link to the VOD?

Description

Time

  • Played on: Sept. 5, 2020, 12:21 p.m.
  • Length: 5:52
Show
View Real Time Build Order
Export as new Build Order

Ashiro Zerg - Winner!

Build Orders: Pool First 

Get SALT Encoding   

  12  0:00  Drone  
  13  0:12  Overlord  
  13  0:17  Drone  
  14  0:31  Drone x2  
  16  0:41  Spawning Pool  
  15  0:49  Overlord  
  15  0:56  Drone  
  16  1:28  Zergling x6  
  19  1:34  Queen  
  19  1:35  Hatchery  
  19  1:38  Extractor  
  19  1:42  Drone  
  20  1:50  Drone  
  21  2:01  Drone  
  22  2:11  Queen  
  22  2:12  Drone  
  25  2:23  Drone  
  26  2:41  Zergling x2  
  26  2:42  Metabolic Boost  
  27  2:45  Zergling x6  
  28  2:52  Spine Crawler  
  28  2:54  Spine Crawler  
  28  2:56  Zergling x4  
  27  3:07  Zergling x4  
  28  3:14  Zergling x2  
  28  3:15  Zergling x8  
  29  3:23  Zergling x2  
  30  3:31  Zergling x4  
  31  3:37  Zergling x2  
  31  3:40  Baneling Nest  
  23  3:49  Zergling x6  
  23  3:50  Zergling x2  
  27  3:58  Zergling x4  
  29  4:06  Zergling x4  
  31  4:16  Drone x2  
  33  4:17  Drone  
  33  4:22  Zergling x2  
  35  4:26  Baneling x2  
  35  4:33  Overlord  
  35  4:37  Zergling x2  
  33  4:47  Zergling x6  
  33  4:54  Zergling x4  
  33  4:58  Zergling x2  
  33  5:06  Zergling x2  
  33  5:07  Zergling x4  
  30  5:13  Zergling x2  
  33  5:21  Zergling x6  
  35  5:34  Baneling  
  35  5:35  Baneling x2  
Show
View Real Time Build Order
Export as new Build Order

RedVelvet Zerg 

Build Orders: Pool First 

Get SALT Encoding   

  12  0:01  Drone  
  13  0:08  Drone  
  14  0:17  Extractor  
  13  0:29  Spawning Pool  
  13  0:32  Drone  
  13  1:04  Hatchery  
  12  1:12  Overlord  
  12  1:25  Metabolic Boost  
  12  1:29  Zergling x2  
  13  1:33  Zergling x2  
  13  1:37  Zergling x2  
  15  1:41  Zergling x2  
  16  1:51  Zergling x2  
  17  2:01  Queen  
  17  2:03  Zergling x2  
  20  2:12  Zergling x2  
  21  2:18  Zergling x2  
  22  2:27  Zergling x2  
  22  2:28  Zergling x2  
  24  2:36  Zergling x2  
  25  2:37  Zergling x2  
  26  2:45  Zergling x2  
  26  2:48  Zergling x2  
  28  3:12  Zergling x2  
  27  3:16  Zergling x4  
  26  3:20  Drone  
  26  3:22  Drone  
  28  3:37  Drone  
  27  3:42  Queen  
  27  3:45  Drone  
  27  3:46  Drone  
  27  3:48  Overlord  
  27  3:49  Overlord  
  24  3:56  Drone x2  
  24  4:00  Drone  
  27  4:04  Zergling x2  
  27  4:08  Drone  
  29  4:21  Drone x3  
  32  4:27  Zergling x2  
  32  4:28  Zergling x2  
  32  4:31  Zergling x4  
  36  4:34  Drone  
  37  4:41  Zergling x2  
  37  4:43  Zergling x4  
  34  4:52  Zergling x2  
  32  4:53  Zergling x2  
  21  5:15  Drone x2  
  21  5:20  Drone  
  24  5:23  Zergling x2  
  24  5:27  Zergling x2  
Tags
 
Add a new tag
Caveats
  • Supply blocks, unpowered buildings, or Contaminate may cause inaccurate times.
  • Supply counts are checked every 10 seconds.